AoeStats
← Zelda Ocarina of TIme

Nomad

510014236Analyzed
3v3 RM · 5d ago on Sep 29, 2026· 50m 34s· 6 players
Game mode
Random Map
Map size
210×210
Population
200
Speed
Normal
Resources
Standard
Victory
Conquest
Starting age
Dark Age
Ending age
Imperial Age
RankedLock teamsTeams togetherTeam positionsShared explorationLock speedFull tech treeHidden civsTurbo modeCheats
Victory
Defeat
🇧🇷 Aztecs · Brazil
1495
+16
🇧🇷 Lithuanians · Brazil
1493
+17
🇧🇷 Gurjaras · Brazil
1467
+18
🇦🇷 Danes · Argentina
1541
-19
🇦🇷 Sicilians · Argentina
1490
-16
🇦🇷 Franks · Argentina
1481
-16
brunoteixeirster
8:53 Loom
11:26 Feudal Age
19:15 Castle Age
18:09 Double-Bit Axe
20:51 Medium Warships
24:12 Horse Collar
24:31 Gold Mining
28:21 Forging
30:14 Scale Barding Armor
30:23 Bloodlines
31:44 Iron Casting
32:00 Wheelbarrow
36:39 Imperial Age
36:31 Chain Barding Armor
38:41 Hand Cart
40:51 Plate Barding Armor
40:49 Elite Leitis
42:05 Husbandry
42:18 Heavy Plow
42:30 Bow Saw
42:59 Cavalier
46:22 Herbal Medicine
Zelda Ocarina of TIme
5:36 Loom
13:23 Feudal Age
14:43 Wheelbarrow
17:52 Castle Age
16:47 Double-Bit Axe
23:42 Forging
24:14 Scale Barding Armor
24:21 Town Watch
25:21 Fletching
43:28 Ballistics
46:13 Hand Cart
46:26 Horse Collar
48:47 Chain Barding Armor
49:03 Iron Casting
50:18 Heavy Plow
Fs.ShaDoWn
2:53 Loom
13:13 Feudal Age
18:45 Castle Age
17:10 Fishing Lines
17:30 Double-Bit Axe
19:22 Gillnets
20:21 Medium Warships
20:34 Forging
22:06 Iron Casting
22:46 Town Watch
24:42 Careening
27:18 Fletching
31:03 Scale Mail Armor
32:31 Chain Mail Armor
33:13 Wheelbarrow
37:56 Imperial Age
38:07 Horse Collar
38:37 Bow Saw
38:15 Elite Jaguar Warrior
40:44 Plate Mail Armor
41:38 Eagle Warrior
42:19 Squires
42:05 Gambesons
44:20 Blast Furnace
44:05 Hand Cart
44:46 Conscription
45:13 Arson
45:22 Elite Eagle Warrior
46:32 Heavy Plow
47:49 Garland Wars
49:59 Town Patrol
__24_Thorfin_Arg
5:29 Loom
13:47 Feudal Age
16:26 Forging
20:12 Castle Age
21:19 Medium Warships
22:15 Iron Casting
24:07 Fletching
24:53 Town Watch
27:43 Double-Bit Axe
28:18 Horse Collar
35:42 Pikeman
37:00 Scale Mail Armor
38:04 Chain Mail Armor
39:29 Wheelbarrow
39:22 Bloodlines
39:13 Husbandry
44:16 Imperial Age
42:15 Bow Saw
42:31 Scale Barding Armor
42:45 Bodkin Arrow
42:53 Gold Mining
43:04 Heavy Plow
44:34 Chain Barding Armor
45:14 Gold Shaft Mining
46:15 Blast Furnace
45:18 Halberdier
46:57 Plate Barding Armor
45:43 Cavalier
46:48 Conscription
47:29 Plate Mail Armor
49:02 Bracer
48:48 Light Cavalry
_38_VirusBox_Arg
7:27 Loom
8:20 Loom
14:21 Feudal Age
14:57 Town Watch
18:06 Castle Age
18:26 Wheelbarrow
18:37 Wheelbarrow
17:50 Double-Bit Axe
19:14 Bow Saw
20:26 Forging
20:08 Horse Collar
24:38 Stone Mining
25:13 Scale Mail Armor
26:40 Chain Mail Armor
28:43 Iron Casting
29:42 Hand Cart
30:42 Squires
31:10 Fletching
33:51 Bodkin Arrow
38:59 Imperial Age
36:19 Hamask
38:18 Gold Mining
38:24 Pikeman
39:35 Town Patrol
40:31 Bracer
41:21 Cranequins
43:04 Conscription
42:48 Halberdier
45:07 Blast Furnace
44:22 Elite Varangian Guard
47:16 Chemistry
46:38 Ballistics
46:47 Husbandry
46:58 Bloodlines
48:14 Plate Mail Armor
__48_Willow_Arg
2:59 Loom
15:51 Feudal Age
20:13 Castle Age
20:02 Double-Bit Axe
21:14 Town Watch
21:55 Bow Saw
27:04 Scale Mail Armor
27:09 Pikeman
30:37 Chain Mail Armor
31:55 Squires
33:16 Forging
44:52 Wheelbarrow
48:18 Fletching
Connection lost

Rejoining the realm…

Still unreachable

The connection could not be restored.

Session expired

The server has moved on; the page needs a fresh start.